 Dungeon Crawl Stone Soup version 0.27-a0-637-g3a9f0a9c12 (webtiles) character file.

Game seed: 14171754215405861253

17493 Yrlndir the Geomancer (level 12, -1/72 HPs)
             Began as a Gargoyle Earth Elementalist on Mar 15, 2021.
             Was an Elder of Vehumet.
             Slain by a komodo dragon (17 damage)
             ... on level 12 of the Dungeon.
             The game lasted 00:32:49 (16979 turns).

Yrlndir the Geomancer (GrEE)                       Turns: 16979, Time: 00:32:49

Health: -1/72      AC: 18    Str: 19    XL:     12   Next: 48%
Magic:  5/23       EV: 14    Int: 20    God:    Vehumet [****..]
Gold:   478        SH:  0    Dex: 13    Spells: 17/26 levels left

rFire    . . .     SeeInvis .   A - +2 flail (drain)
rCold    . . .     Faith    .   (no shield)
rNeg     + + .     Spirit   .   c - +0 robe
rPois    ∞         Reflect  .   (no helmet)
rElec    +         Harm     .   o - +1 cloak
rCorr    .         Rampage  .   G - +1 pair of gloves
Will     +....                  n - +1 pair of boots
Stlth    ++........             r - amulet of magic regeneration
HPRegen  0.22/turn              D - ring of Huhuptuixa {*Slow +Fly rN+ Str+2 Dex+3}
MPRegen  0.43/turn              J - ring of willpower

@: no status effects
A: AC +8, negative energy resistance 1, electricity resistance, torment
resistance 1, unbreathing 1, petrification resistance, strong 2
a: Renounce Religion, Evoke Flight


You were on level 12 of the Dungeon.
You worshipped Vehumet.
Vehumet was greatly pleased with you.
You visited 2 branches of the dungeon, and saw 13 of its levels.

You collected 1252 gold pieces.
You spent 774 gold pieces at shops.

Inventory:

Hand Weapons
 k - a +0 flail
 x - the +5 long sword of the Lurker {flame, Dex+3}
   (You took it off a centaur on level 7 of the Dungeon)

   It has been specially enchanted to burn those struck by it, causing extra
   injury to most foes and up to half again as much damage against particularly
   susceptible opponents.
   Big, fiery blades are also staple armaments of hydra-hunters.
   It affects your dexterity (+3).
 A - a +2 flail of draining (weapon)
 F - a +5 flail of protection
Missiles
 b - 265 stones
 B - a throwing net
Armour
 c - a +0 robe (worn)
 n - a +1 pair of boots (worn)
 o - a +1 cloak (worn)
 v - a +0 cloak of stealth
 G - a +1 pair of gloves (worn)
Jewellery
 r - an amulet of magic regeneration (around neck)
 w - a ring of ice
 D - the ring of Huhuptuixa (right hand) {*Slow +Fly rN+ Str+2 Dex+3}
   (You found it on level 9 of the Dungeon)

   [ring of flight]

   It affects your strength (+2).
   It affects your dexterity (+3).
   It protects you from negative energy.
   It lets you fly.
   It may slow you when you take damage.
 J - a ring of willpower (left hand)
 L - a ring of protection from cold
Wands
 i - a wand of flame (29)
 s - a wand of random effects (34)
 z - a wand of iceblast (2)
 H - a wand of mindburst (7)
 M - a wand of polymorph (9)
Scrolls
 h - 7 scrolls of teleportation
 m - 2 scrolls of fear
 p - 2 scrolls of fog
 q - 5 scrolls of identify
 y - 3 scrolls of amnesia
 E - 2 scrolls of enchant armour
 I - 2 scrolls of enchant weapon
 K - a scroll of blinking
Potions
 a - 11 potions of curing
 d - 3 potions of might
 e - a potion of cancellation
 f - a potion of mutation
 g - 2 potions of lignification
 j - a potion of brilliance
 l - 5 potions of heal wounds
 t - 2 potions of resistance
 u - a potion of haste
 C - a potion of ambrosia


   Skills:
 + Level 7.5 Fighting
 + Level 6.6 Maces & Flails
 - Level 6.0 Armour
 + Level 6.0 Dodging
 - Level 2.1 Stealth
 + Level 7.8 Spellcasting
 + Level 8.7 Conjurations
 - Level 0.7 Transmutations
 + Level 10.4 Earth Magic
 + Level 5.6 Evocations


You had 17 spell levels left.
You knew the following spells:

 Your Spells              Type           Power      Damage    Failure   Level
a - Sandblast             Erth           98%        2d20      1%          1
b - Stone Arrow           Conj/Erth      92%        3d12      1%          3
c - Lee's Rapid Deconstr  Erth           24%        3d14*     1%          5

Your spell library contained the following spells:

 Spells                   Type           Power      Damage    Failure   Level
 Iskenderun's Battlesphe  Conj           42%        2d9       1%          5
 Passwall                 Tmut/Erth      25%        N/A       1%          2
 Inner Flame              Hex/Fire       7%         N/A       7%          3
 Animate Skeleton         Necr           14%        N/A       9%          1
 Apportation              Tloc           14%        N/A       9%          1
 Corona                   Hex            7%         N/A       9%          1
 Summon Small Mammal      Summ           28%        N/A       9%          1
 Petrify                  Tmut/Erth      30%        N/A       9%          4
 Leda's Liquefaction      Hex/Erth       14%        N/A       10%         4
 Slow                     Hex            7%         N/A       13%         2
 Portal Projectile        Hex/Tloc       14%        N/A       26%         3
 Cause Fear               Hex            3%         N/A       65%         4


Dungeon Overview and Level Annotations

Branches:
Dungeon (12/15)            Temple (1/1) D:5            Lair (0/6) D:11
    Orc (0/2) D:11

Altars:
Ashenzari
Cheibriados
Dithmenos
Elyvilon
Fedhas
Gozag
Hepliaklqana
Kikubaaqudgha
Makhleb
Nemelex Xobeh
Okawaru
Qazlal
Ru
Sif Muna
Trog
Uskayaw
Vehumet
Wu Jian
Xom
Yredelemnul
Zin
The Shining One

Shops:
D:8 *   D:9 ![![

Annotations:
D:7 3 runed translucent doors, Howlingfantods's ghost, weakling MiDe


Innate Abilities, Weirdness & Mutations

Your stone body is resilient. (AC +8)
You are immune to poison.
You resist negative energy. (rN+)
You are resistant to electric shocks. (rElec)
You are resistant to unholy torment.
You can survive without breathing.
You are immune to petrification.
Your muscles are very strong. (Str +4)


Message History

Press: ? - help, Shift-Dir - straight line, f/p - cyclops
Aim: a cyclops, quivering large rocks (heavily wounded, 2% to evade)
The stone arrow hits the cyclops!
The cyclops is severely wounded.
The cyclops hits you but does no damage.
Casting: Stone Arrow (safe; 1% risk of failure)
Confirm with . or Enter, or press ? or * to list all spells.
Aiming: Stone Arrow (safe; 1% risk of failure)
Press: ? - help, Shift-Dir - straight line, f/p - cyclops
Aim: a cyclops, quivering large rocks (severely wounded, 2% to evade)
The stone arrow hits the cyclops!
The cyclops is almost dead.
The cyclops hits you!
Your magical contamination has completely faded away.
Casting: Stone Arrow (safe; 1% risk of failure)
Confirm with . or Enter, or press ? or * to list all spells.
Aiming: Stone Arrow (safe; 1% risk of failure)
Press: ? - help, Shift-Dir - straight line, f/p - cyclops
Aim: a cyclops, quivering large rocks (almost dead, 2% to evade)
The stone arrow hits the cyclops!!
You kill the cyclops!
Vehumet accepts your kill.
You feel your power returning.
Casting: Stone Arrow (safe; 1% risk of failure)
Confirm with . or Enter, or press ? or * to list all spells.
Aiming: Stone Arrow (safe; 1% risk of failure)
Press: ? - help, Shift-Dir - straight line, f - komodo dragon
Aim: a komodo dragon (18% to evade)
The stone arrow misses the komodo dragon.
The komodo dragon bites you!
* * * LOW HITPOINT WARNING * * *
Casting: Stone Arrow (safe; 1% risk of failure)
Confirm with . or Enter, or press ? or * to list all spells.
Aiming: Stone Arrow (safe; 1% risk of failure)
Press: ? - help, Shift-Dir - straight line, f/p - komodo dragon
Aim: a komodo dragon (18% to evade)
The stone arrow hits the komodo dragon!
The komodo dragon is moderately wounded.
The komodo dragon bites you!
You die...

##..#....(.#######
#...#.............
#...##....########
#..###....#####
#..# ##.[.....# #
#..# #.......####
#.## ##..........
#.# #..........
#@# #......#...
#l# ##.........
#.. #.........
#... #.........
#.... #.###.....
#..... #.#.......
#.....# #..######
#.....# #


You could see a komodo dragon.

Vanquished Creatures
  2 boulder beetles
  A death knight (D:12)
  2 two-headed ogres
  A skeletal warrior (D:12)
  2 unseen horrors
  3 cyclopes (D:12)
  2 ugly things
  An oklob plant (D:11)
  Maurice (D:10)
  A kobold demonologist (D:11)
  2 trolls
  6 slime creatures
  12 yaks
  4 wraiths
  The ghost of ReteAZ the Stinger, an amateur NaVM (D:3)
  Eustachio (D:6)
  A steam dragon (D:12)
  A warg (D:12)
  Menkaure (D:7)
  Duvessa (D:7)
  A water moccasin (D:10)
  3 orc warriors
  3 sky beasts
  6 ogres
  2 black bears
  A necrophage (D:6)
  3 centaurs
  3 phantoms
  A kobold brigand (D:10)
  8 bullfrogs
  Dowan (D:7)
  4 scorpions
  3 wights (D:11)
  3 howler monkeys
  3 quasits
  4 bullfrog zombies
  3 centaur zombies
  3 hounds
  A jelly (D:8)
  13 orc priests
  Crazy Yiuf (D:7)
  3 bullfrog skeletons
  2 centaur skeletons
  6 iguanas
  14 orc wizards
  12 worker ants
  2 hound skeletons
  A howler monkey zombie (D:3)
  A worker ant zombie (D:11)
  3 gnolls (D:5)
  6 adders
  2 shadow imps
  A white imp (D:6)
  2 ufetubi
  2 oozes
  An adder skeleton (D:4)
  An adder zombie (D:8)
  2 worms
  4 dart slugs
  9 leopard geckos
  56 orcs
  5 bats
  7 giant cockroaches
  9 goblins
  2 hobgoblins
  6 jackals
  3 quokkas
  A ball python (D:3)
  2 frilled lizards
  14 kobolds
  A leopard gecko zombie (D:7)
  11 rats
307 creatures vanquished.

Vanquished Creatures (others)
  6 plants (D:9)
6 creatures vanquished.

Grand Total: 313 creatures vanquished

Notes
Turn   | Place    | Note
-------+----------+-------------------------------------------
     0 | D:1      | Yrlndir the Gargoyle Earth Elementalist began the quest for
                  | the Orb.
     0 | D:1      | Reached XP level 1. HP: 10/10 MP: 3/3
   421 | D:1      | Reached skill level 4 in Earth Magic
   421 | D:1      | Reached XP level 2. HP: 15/15 MP: 1/5
   904 | D:1      | Reached XP level 3. HP: 12/19 MP: 6/6
   911 | D:1      | Learned a level 3 spell: Stone Arrow
  2314 | D:2      | Reached skill level 1 in Conjurations
  2356 | D:2      | Reached XP level 4. HP: 24/24 MP: 8/8
  2492 | D:2      | Noticed an ogre
  2495 | D:2      | Killed an ogre
  2496 | D:2      | Reached skill level 5 in Earth Magic
  2496 | D:2      | Reached XP level 5. HP: 28/28 MP: 1/10
  2502 | D:2      | Learned a level 5 spell: Lee's Rapid Deconstruction
  3179 | D:3      | Found a runed translucent gate.
  3179 | D:3      | Found a runed translucent gate.
  3225 | D:3      | Gained mutation: Your muscles are strong. (Str +2) [potion
                  | of mutation]
  3225 | D:3      | Gained mutation: Your muscles are very strong. (Str +4)
                  | [potion of mutation]
  3340 | D:3      | Found a sacrificial altar of Ru.
  3556 | D:3      | Found a runed translucent gate.
  3584 | D:3      | Noticed ReteAZ's ghost (amateur NaVM)
  3694 | D:3      | Killed ReteAZ's ghost
  3695 | D:3      | Reached XP level 6. HP: 14/32 MP: 6/12
  3699 | D:3      | Reached skill level 6 in Earth Magic
  4106 | D:4      | Reached XP level 7. HP: 24/36 MP: 1/13
  5003 | D:5      | Entered Level 5 of the Dungeon
  5239 | D:5      | Reached skill level 1 in Fighting
  5239 | D:5      | Reached skill level 1 in Armour
  5280 | D:5      | Reached skill level 1 in Maces & Flails
  5362 | D:5      | Reached XP level 8. HP: 41/43 MP: 11/15
  5699 | D:5      | Found an opulent altar of Gozag.
  5742 | D:5      | Found a staircase to the Ecumenical Temple.
  5750 | Temple   | Entered the Ecumenical Temple
  5918 | Temple   | Became a worshipper of Vehumet
  6245 | D:6      | Reached skill level 7 in Earth Magic
  6306 | D:6      | Reached skill level 5 in Spellcasting
  6385 | D:6      | Reached skill level 5 in Conjurations
  7082 | D:6      | Noticed Eustachio
  7089 | D:6      | Killed Eustachio
  7090 | D:6      | Reached XP level 9. HP: 37/50 MP: 4/16
  7344 | D:6      | You fall into a shaft and drop 2 floors!
  7382 | D:7      | Found a runed translucent door.
  7383 | D:7      | Noticed Crazy Yiuf
  7388 | D:7      | Killed Crazy Yiuf
  7431 | D:7      | Noticed Menkaure
  7433 | D:7      | Killed Menkaure
  7433 | D:7      | Reached * piety under Vehumet
  7433 | D:7      | Offered knowledge of Shock by Vehumet.
  7434 | D:7      | Reached skill level 1 in Evocations
  7603 | D:7      | Noticed Duvessa
  7603 | D:7      | Noticed Dowan
  8121 | D:7      | Found a runed translucent gate.
  8121 | D:7      | Found a runed translucent gate.
  8121 | D:7      | Found a runed translucent gate.
  8121 | D:7      | Noticed Howlingfantods's ghost (weakling MiDe)
  8285 | D:7      | Identified the +5 long sword of the Lurker {flame, Dex+3}
  8502 | D:7      | Killed Duvessa
  8503 | D:7      | Killed Dowan
  9951 | D:8      | Reached skill level 8 in Earth Magic
 10219 | D:8      | Offered knowledge of Freeze by Vehumet.
 10454 | D:8      | Identified a scroll of acquirement
 10454 | D:8      | Acquired 231 gold pieces
 10565 | D:8      | Reached ** piety under Vehumet
 10568 | D:8      | Found Annoy's Assorted Antiques.
 10572 | D:8      | Bought a scroll of identify for 54 gold pieces
 10572 | D:8      | Bought a yellow potion for 24 gold pieces
 10572 | D:8      | Bought a scroll labelled HAAXAH SEETH for 27 gold pieces
 10597 | D:8      | Bought a potion of curing for 81 gold pieces
 10597 | D:8      | Bought a potion of curing for 81 gold pieces
 10680 | D:8      | Found a shimmering blue altar of Sif Muna.
 10684 | D:8      | Found a bloodstained altar of Trog.
 10688 | D:8      | Found a white marble altar of Elyvilon.
 10877 | D:9      | Reached XP level 10. HP: 57/57 MP: 18/18
 11210 | D:9      | Found Ytimim's Distillery.
 11231 | D:9      | Bought a potion of curing for 39 gold pieces
 11231 | D:9      | Bought a potion of heal wounds for 65 gold pieces
 11231 | D:9      | Bought 2 potions of resistance for 260 gold pieces
 11231 | D:9      | Bought a potion of curing for 39 gold pieces
 11231 | D:9      | Bought a potion of heal wounds for 65 gold pieces
 11231 | D:9      | Bought a potion of flight for 39 gold pieces
 11498 | D:9      | Offered knowledge of Frozen Ramparts by Vehumet.
 11560 | D:9      | Found Odooll's Armour Shoppe.
 11767 | D:9      | Found Atibb's Distillery.
 12201 | D:9      | Found Puuxzo's Armour Boutique.
 12390 | D:9      | Identified the ring of Huhuptuixa {*Slow +Fly rN+ Str+2
                  | Dex+3}
 12471 | D:10     | Entered Level 10 of the Dungeon
 12481 | D:10     | Reached skill level 5 in Fighting
 12486 | D:10     | Reached *** piety under Vehumet
 12640 | D:10     | Reached skill level 5 in Armour
 13142 | D:10     | Noticed Maurice
 13150 | D:10     | Killed Maurice
 13262 | D:10     | Found a shimmering altar of Xom.
 13279 | D:10     | Offered knowledge of Mephitic Cloud by Vehumet.
 13467 | D:11     | Noticed a boulder beetle
 13473 | D:11     | Killed a boulder beetle
 13474 | D:11     | Reached skill level 9 in Earth Magic
 13474 | D:11     | Reached XP level 11. HP: 64/64 MP: 7/20
 13478 | D:11     | Reached skill level 5 in Maces & Flails
 13517 | D:11     | Found a staircase to the Orcish Mines.
 13533 | D:11     | Killed an unseen horror
 13971 | D:11     | Noticed a two-headed ogre
 13975 | D:11     | Killed a two-headed ogre
 13980 | D:11     | Noticed a brown ugly thing
 14037 | D:10     | Killed a brown ugly thing
 14230 | D:10     | Killed an unseen horror
 14380 | D:11     | Reached skill level 5 in Dodging
 14416 | D:11     | Noticed an oklob plant
 14417 | D:11     | Found a staircase to the Lair.
 14717 | D:11     | Killed an oklob plant
 15012 | D:11     | Reached **** piety under Vehumet
 15574 | D:12     | Noticed a two-headed ogre
 15582 | D:12     | Offered knowledge of Iskenderun's Battlesphere by Vehumet.
 15587 | D:12     | Killed a two-headed ogre
 15727 | D:12     | Noticed a cyan ugly thing
 15732 | D:12     | Killed a cyan ugly thing
 15785 | D:12     | Noticed a cyclops
 15792 | D:12     | Killed a cyclops
 15793 | D:12     | Reached skill level 10 in Earth Magic
 15793 | D:12     | Reached skill level 5 in Evocations
 15905 | D:12     | Noticed a boulder beetle
 15906 | D:12     | Noticed a death knight
 15920 | D:12     | Killed a boulder beetle
 15921 | D:12     | Reached XP level 12. HP: 35/71 MP: 6/23
 16124 | D:12     | Killed a death knight
 16979 | D:12     | Slain by a komodo dragon

Illustrated notes

Levels and vault maps discovered:
D:1:      nzn_arrival_water_spiral, layout_loops_corners
D:2:      layout_basic, serial_glass, glass_columns_b, glass_columns_c,
          glass_columns_b, glass_columns_b, feat_on_display, item_on_display_a,
          minmay_strange_pillars, feat_on_display
D:3:      layout_basic, nicolae_ru_great_annihilating_truth,
          gammafunk_ghost_necromancy
D:4:      layout_loops_ring
D:5:      layout_gridville, minmay_temple_entry_fiery,
          nicolae_gozag_cash_rules_everything_around_me
D:6:      layout_loops_corners, minmay_misc_feat_room, minmay_liquid_box,
          minmay_pentangle, uniq_eustachio
D:7:      layout_loops_ring, nicolae_yredelemnul_ghost_church, nicolae_sextant,
          uniq_duvessa, uniq_menkaure, uniq_crazy_yiuf_cottage
D:8:      layout_rooms, grunt_temple_overflow_diamond, serial_shops,
          nicolae_shop_crystal, corexii_leaking_fountain
D:9:      minmay_weird_star, layout_loops_corners, serial_shops,
          kennysheep_mini_moat, shop, nicolae_shop_statue_plus, shop_coins,
          kennysheep_generic_room_12
D:10:     layout_basic, tgw_xom, uniq_maurice
D:11:     layout_cave_pods, dpeg_oklobed_lair, orc_0_dummy, st_stairs_13
D:12:     giant_chief_lemuel, layout_rooms
Temple:   regret_index_temple_sphere_string

Skill      XL: |  1  2  3  4  5  6  7  8  9 10 11 12 |
---------------+-------------------------------------+-----
Earth Magic    | 4 5 6 7 8 9 10 | 10.4
Conjurations   | 1 2 3 4 5 6 7 8 |  8.7
Spellcasting   | 3 4 5 6 7 |  7.8
Fighting       | 1 3 4 5 6 7 |  7.5
Armour         | 1 3 4 5 6 |  6.0
Maces & Flails | 1 2 3 4 6 |  6.6
Dodging        | 2 3 4 5 6 |  6.0
Evocations     | 2 3 5 |  5.6
Stealth        | |  2.1
Transmutations | |  0.7

Action                   |  1- 3 |  4- 6 |  7- 9 | 10-12 || total
-------------------------+-------+-------+-------+-------++-------
Melee: Unarmed           |    25 |       |       |       ||    25
       Dagger            |    42 |       |       |       ||    42
       Mace              |    43 |   100 |   291 |       ||   434
       Flail             |       |       |    20 |   298 ||   318
 Cast: Sandblast         |    23 |    15 |    43 |    54 ||   135
       Stone Arrow       |       |     2 |    26 |   118 ||   146
       Lee's Rapid Decon |       |     1 |    10 |    19 ||    30
 Abil: Evoke Flight      |       |       |       |     1 ||     1
Evoke: Wand              |       |       |     1 |     3 ||     4
  Use: Scroll            |       |    12 |    11 |     1 ||    24
       Potion            |       |     2 |     1 |     3 ||     6
 Stab: Sleeping          |     4 |     1 |     1 |     4 ||    10
Armor: Robe              |    40 |    46 |   205 |   215 ||   506
Dodge: Dodged            |    73 |    81 |   259 |   285 ||   698

Table legend: (Time is in decaauts)
 A = Elapsed time spent in this place.
 B = Non-inter-level travel time spent in this place.
 C = Inter-level travel time spent in this place.
 D = Time resting spent in this place.
 E = Time spent auto-exploring this place.
 F = Levels seen in this place.
 G = Mean time per level.
                   A        B        C        D        E       F      G
               +--------+--------+--------+--------+--------+-----+--------+
         Total |  17199 |  16711 |    488 |   3061 |  10694 |  13 | 1323.0 |
       Dungeon |  17017 |  16542 |    475 |   3061 |  10546 |  12 | 1418.1 |
        Temple |    181 |    168 |     13 |      0 |    148 |   1 |  181.0 |
               +--------+--------+--------+--------+--------+-----+--------+

Top non-repeatable levels by time:
     D:7: 2052 daAuts
     D:1: 2005 daAuts
    D:10: 1667 daAuts
     D:9: 1626 daAuts
     D:6: 1609 daAuts
    D:11: 1463 daAuts
    D:12: 1427 daAuts
     D:3: 1143 daAuts
     D:5: 1063 daAuts
     D:8: 1031 daAuts
     D:2: 975 daAuts
     D:4: 954 daAuts
  Temple: 181 daAuts
